Map: Interloper LE

Players

Yata - Winner!

  • Race: Zerg Zerg
  • League: Platinum
  • Spawn Location: 11:00

A.I. 1 (Very Hard)

  • Race: Protoss Protoss
  • Spawn Location: 5:00

VOD

Have the link to the VOD?

Description

Time

  • Played on: Sept. 20, 2017, 12:09 p.m.
  • Length: 18:19
Show
View Real Time Build Order
Export as new Build Order

Yata Zerg - Winner!

Build Orders: Hatch First 

Get SALT Encoding   

  12  0:01  Drone  
  13  0:12  Overlord  
  13  0:18  Drone  
  14  0:31  Drone x2  
  14  0:35  Drone  
  17  0:55  Hatchery  
  17  0:56  Drone  
  17  1:01  Drone  
  18  1:10  Extractor  
  17  1:15  Spawning Pool  
  17  1:18  Drone  
  17  1:22  Drone  
  18  1:28  Drone  
  19  1:39  Overlord  
  19  1:52  Drone  
  20  2:02  Queen  
  20  2:06  Queen  
  20  2:07  Zergling x2  
  20  2:08  Zergling x2  
  26  2:13  Metabolic Boost  
  26  2:17  Drone  
  27  2:23  Drone x2  
  29  2:32  Evolution Chamber  
  28  2:37  Baneling Nest  
  28  2:40  Drone x2  
  28  2:42  Overlord  
  29  2:51  Drone x2  
  31  3:03  Drone x2  
  31  3:05  Queen  
  35  3:22  Baneling x3  
  35  3:23  Baneling  
  35  3:30  Drone x8  
  43  3:49  Hatchery  
  42  3:59  Zerg Melee Weapons Level 1  
  42  4:02  Drone  
  41  4:14  Zergling x4  
  41  4:15  Zergling x2  
  44  4:18  Overlord x2  
  44  4:35  Queen x2  
  48  4:40  Zergling x2  
  49  4:53  Drone x10  
  59  5:10  Drone  
  59  5:11  Drone x6  
  66  5:30  Extractor, Lair  
  65  5:41  Zergling x2  
  66  5:59  Zerg Missile Weapons Level 1  
  66  6:06  Pneumatized Carapace  
  64  6:37  Hydralisk Den  
  60  6:45  Queen  
  62  6:47  Queen  
  62  6:52  Zergling x4  
  62  6:53  Hatchery  
  65  6:54  Overlord x4  
  65  6:55  Overlord x3  
  65  7:15  Drone x3  
  68  7:20  Queen  
  68  7:21  Queen  
  72  7:35  Overlord, Zergling x2  
  72  7:36  Zergling x38  
  72  7:37  Zergling x26  
  105  7:51  Overseer  
  105  7:55  Extractor, Drone  
  105  7:56  Drone x2  
  105  7:57  Drone x2  
  109  8:21  Zerg Ground Armor Level 1  
  109  8:23  Centrifical Hooks, Muscular Augments  
  109  8:27  Hydralisk  
  111  8:49  Drone x3  
  111  8:50  Drone x6  
  111  8:51  Drone  
  108  9:05  Hydralisk  
  108  9:06  Hydralisk x5  
  117  9:23  Zergling x2  
  109  9:24  Zergling x42  
  109  9:25  Zergling x8  
  130  9:49  Baneling x2  
  130  9:50  Baneling x13  
  130  9:53  Extractor  
  130  9:54  Drone x2  
  130  9:55  Drone  
  130  9:56  Extractor, Drone x3  
  130  9:58  Overlord x5  
  134  10:00  Hatchery  
  133  10:11  Hydralisk  
  135  10:20  Infestation Pit  
  134  10:24  Extractor  
  134  10:26  Extractor, Drone x3  
  134  10:27  Drone x3  
  138  10:31  Extractor, Drone x3  
  140  10:40  Hydralisk x4  
  140  10:41  Hydralisk x3  
  131  10:52  Zerg Missile Weapons Level 2  
  131  10:59  Hive  
  131  11:13  Queen  
  133  11:22  Pathogen Glands  
  133  11:24  Hydralisk x7  
  147  11:27  Zergling x2  
  147  11:28  Zergling x44  
  147  11:29  Zergling x10  
  175  11:38  Hydralisk  
  175  11:39  Hydralisk x2  
  181  11:51  Nydus Network  
  180  11:54  Overlord  
  180  11:55  Overlord x6  
  156  12:11  Hydralisk  
  156  12:12  Hydralisk x13  
  163  12:17  Zergling x20  
  133  12:36  Hydralisk  
  133  12:37  Hydralisk x9  
  131  12:40  Zergling x2  
  131  12:41  Zergling x8  
  141  12:58  Zergling x2  
  141  12:59  Zergling x26  
  155  13:06  Queen  
  156  13:12  Hydralisk  
  156  13:13  Hydralisk x5  
  160  13:20  Ultralisk Cavern  
  160  13:25  Zergling x2  
  160  13:26  Zergling x8  
  137  13:37  Zergling x4  
  137  13:38  Zergling x18  
  145  13:41  Queen  
  146  14:02  Drone  
  143  14:03  Hydralisk x15  
  168  14:15  Zergling x2  
  168  14:16  Zergling x18  
  174  14:36  Chitinous Plating  
  174  14:39  Zerg Ground Armor Level 2  
  174  14:43  Ultralisk x3  
  174  14:45  Zergling x2  
  193  14:46  Zergling x12  
  193  14:50  Baneling  
  193  14:51  Baneling x8  
  199  15:10  Baneling x12  
  190  16:08  Hatchery  
  185  16:19  Hatchery  
  180  16:28  Ultralisk  
  180  16:29  Ultralisk x2  
  180  16:31  Zergling x10  
  180  16:32  Zergling x4  
  200  16:33  Hatchery  
  200  16:36  Hatchery  
  191  16:55  Zergling x12  
  191  16:56  Zergling x6  
  199  17:06  Zergling x2  
  199  17:20  Zergling x14  
  199  18:10  Evolution Chamber  
  198  18:13  Evolution Chamber  
Show
View Real Time Build Order
Export as new Build Order

A.I. 1 (Very Hard) Protoss 

Build Orders: Zealot Archon 

Get SALT Encoding   

  12  0:01  Probe (Chrono Boost)  
  13  0:11  Probe (Chrono Boost)  
  14  0:20  Pylon  
  14  0:22  Probe (Chrono Boost)  
  15  0:38  Probe (Chrono Boost)  
  16  0:47  Assimilator  
  16  0:48  Probe (Chrono Boost)  
  17  0:50  Gateway  
  17  0:59  Probe (Chrono Boost)  
  17  1:01  Pylon  
  18  1:10  Probe (Chrono Boost)  
  19  1:20  Probe (Chrono Boost)  
  20  1:31  Probe (Chrono Boost)  
  21  1:37  Zealot  
  23  1:42  Cybernetics Core, Probe (Chrono Boost)  
  24  1:53  Probe (Chrono Boost)  
  25  2:01  Nexus  
  25  2:13  Gateway  
  25  2:20  Pylon  
  25  2:23  Zealot  
  25  2:24  Warp Gate  
  25  2:27  Probe (Chrono Boost)  
  27  2:39  Probe (Chrono Boost)  
  27  2:42  Assimilator  
  28  2:49  Adept  
  28  2:51  Probe (Chrono Boost)  
  31  3:00  Adept  
  31  3:02  Probe (Chrono Boost)  
  34  3:07  Pylon  
  34  3:14  Stalker, Probe x2 (Chrono Boost)  
  38  3:25  Probe (Chrono Boost)  
  38  3:27  Probe (Chrono Boost)  
  40  3:36  Probe (Chrono Boost)  
  40  3:38  Probe (Chrono Boost)  
  42  3:41  Robotics Facility  
  42  3:43  Adept  
  45  3:48  Probe (Chrono Boost)  
  45  3:50  Probe (Chrono Boost)  
  45  3:52  Adept  
  48  4:00  Probe (Chrono Boost)  
  48  4:01  Probe (Chrono Boost)  
  50  4:08  Adept  
  50  4:12  Pylon, Probe (Chrono Boost)  
  50  4:13  Probe (Chrono Boost)  
  54  4:23  Probe (Chrono Boost)  
  56  4:24  Probe (Chrono Boost)  
  56  4:28  Stalker  
  56  4:29  Immortal  
  62  4:34  Pylon, Probe (Chrono Boost)  
  62  4:36  Probe (Chrono Boost)  
  64  4:43  Stalker  
  67  4:46  Probe (Chrono Boost)  
  67  4:47  Probe (Chrono Boost)  
  67  4:51  Robotics Facility  
  68  4:55  Stalker  
  70  5:04  Immortal  
  70  5:06  Probe (Chrono Boost)  
  70  5:07  Probe (Chrono Boost)  
  72  5:13  Pylon  
  76  5:17  Pylon  
  76  5:21  Stalker  
  78  5:24  Twilight Council  
  78  5:31  Assimilator, Sentry  
  78  5:32  Probe (Chrono Boost)  
  81  5:38  Assimilator  
  81  5:41  Probe (Chrono Boost)  
  82  5:45  Pylon  
  82  5:52  Gateway  
  82  5:54  Probe x2 (Chrono Boost)  
  84  6:02  Zealot  
  86  6:05  Templar Archives, Probe (Chrono Boost)  
  86  6:07  Probe (Chrono Boost)  
  86  6:10  Pylon  
  88  6:16  Probe (Chrono Boost)  
  88  6:32  Nexus  
  88  6:34  Probe (Chrono Boost)  
  88  6:35  Stalker  
  88  6:36  Probe (Chrono Boost)  
  87  6:40  Stalker  
  87  6:44  Gateway  
  87  6:45  Probe (Chrono Boost)  
  91  6:47  High Templar  
  91  6:48  Probe (Chrono Boost)  
  93  6:56  Stalker  
  93  6:58  Pylon  
  93  7:01  Sentry  
  97  7:07  Observer  
  97  7:15  Forge  
  98  7:17  Pylon, High Templar  
  98  7:18  High Templar  
  102  7:28  High Templar  
  104  7:30  Forge  
  104  7:33  Archon  
  104  7:35  Gateway  
  104  7:42  High Templar  
  106  7:46  Probe x3 (Chrono Boost)  
  106  7:47  Archon  
  109  7:51  Zealot  
  109  7:56  High Templar  
  109  7:57  Assimilator, Probe x2 (Chrono Boost)  
  109  7:58  Probe (Chrono Boost)  
  116  7:59  Pylon, Assimilator  
  116  8:01  Photon Cannon  
  116  8:04  Pylon  
  116  8:06  Pylon  
  116  8:08  Probe (Chrono Boost)  
  116  8:09  Probe (Chrono Boost)  
  116  8:10  Probe (Chrono Boost)  
  116  8:11  High Templar  
  122  8:20  Probe (Chrono Boost)  
  122  8:21  Photon Cannon, Probe x2 (Chrono Boost)  
  122  8:25  High Templar  
  126  8:29  Photon Cannon  
  126  8:31  Psionic Storm, Probe (Chrono Boost)  
  126  8:32  Probe (Chrono Boost)  
  126  8:33  Probe (Chrono Boost)  
  129  8:39  Photon Cannon  
  129  8:41  Stalker, Photon Cannon  
  129  8:42  Pylon, Probe (Chrono Boost)  
  129  8:44  Stalker, Probe (Chrono Boost)  
  129  8:45  Probe (Chrono Boost)  
  129  8:47  Zealot  
  129  8:48  Zealot  
  140  8:53  Probe (Chrono Boost)  
  140  8:55  Zealot  
  139  9:03  High Templar  
  139  9:05  Sentry  
  139  9:07  Zealot x2  
  139  9:09  Photon Cannon  
  147  9:10  Protoss Ground Weapons Level 1  
  147  9:11  Pylon  
  147  9:13  Zealot  
  147  9:16  Protoss Ground Armor Level 1  
  149  9:20  Photon Cannon  
  149  9:26  Zealot  
  149  9:27  Zealot, Stalker  
  155  9:32  High Templar  
  155  9:34  Stalker  
  155  9:35  Pylon  
  155  9:36  Warp Prism  
  158  9:43  Warp Prism  
  160  9:45  High Templar  
  160  9:46  Sentry  
  160  9:48  Zealot  
  168  9:55  Photon Cannon  
  168  9:57  Pylon  
  168  10:02  High Templar  
  168  10:04  Gateway, Charge  
  170  10:11  Observer  
  170  10:13  Nexus  
  171  10:18  Observer  
  172  10:29  Robotics Facility  
  172  10:33  Photon Cannon  
  172  10:34  Zealot x3  
  172  10:35  Zealot x2  
  180  10:38  Stargate, Probe (Chrono Boost)  
  180  10:39  Probe (Chrono Boost)  
  180  10:40  Probe (Chrono Boost)  
  153  10:43  Pylon  
  153  10:49  Probe (Chrono Boost)  
  150  10:50  Archon x4, Probe (Chrono Boost)  
  150  10:52  Probe (Chrono Boost)  
  150  10:53  High Templar  
  150  10:54  High Templar, Zealot x2  
  150  10:55  Zealot  
  162  10:59  Zealot  
  162  11:01  Probe (Chrono Boost)  
  166  11:04  Probe (Chrono Boost)  
  166  11:06  Probe (Chrono Boost)  
  167  11:12  Zealot  
  167  11:14  High Templar x2  
  167  11:15  Photon Cannon  
  173  11:19  Zealot, Archon  
  173  11:21  Archon  
  173  11:23  High Templar  
  173  11:25  Zealot  
  180  11:27  Probe x4 (Chrono Boost)  
  180  11:32  High Templar  
  185  11:37  Pylon, Blink  
  185  11:39  Probe (Chrono Boost)  
  189  11:40  Probe x3 (Chrono Boost)  
  189  11:41  High Templar  
  191  11:48  Assimilator  
  191  11:50  High Templar  
  191  11:52  Assimilator  
  193  11:58  Photon Cannon  
  193  12:00  High Templar  
  195  12:02  Pylon  
  195  12:03  Nexus  
  195  12:05  Zealot x2  
  195  12:06  Zealot  
  183  12:11  Zealot  
  161  12:19  Adept  
  147  12:23  Zealot  
  147  12:24  High Templar, Zealot  
  147  12:29  Adept, Stalker  
  145  12:35  Photon Cannon  
  139  12:38  Zealot  
  139  12:41  Photon Cannon  
  139  12:42  Zealot, Stalker  
  141  12:48  Zealot  
  141  12:50  Adept  
  127  12:53  Sentry  
  127  12:57  Zealot  
  119  12:58  Immortal  
  119  13:01  Zealot  
  119  13:04  Zealot  
  127  13:06  Zealot  
  127  13:09  Zealot  
  131  13:15  Sentry, Stalker, Probe (Chrono Boost)  
  131  13:17  Probe (Chrono Boost)  
  131  13:18  Probe (Chrono Boost)  
  131  13:19  Zealot  
  124  13:21  Probe (Chrono Boost)  
  124  13:22  Zealot  
  124  13:24  Probe (Chrono Boost)  
  124  13:26  Stalker  
  112  13:27  Probe (Chrono Boost)  
  112  13:28  Zealot, Probe (Chrono Boost)  
  112  13:31  Probe (Chrono Boost)  
  112  13:33  Probe (Chrono Boost)  
  105  13:36  Probe (Chrono Boost)  
  105  13:37  High Templar, Adept  
  105  13:38  High Templar  
  88  13:41  Stalker  
  88  13:47  Stalker  
  88  13:48  Zealot  
  90  13:55  Stalker  
  92  14:02  Zealot, Probe x2 (Chrono Boost)  
  96  14:05  Probe (Chrono Boost)  
  96  14:06  Adept, Sentry  
  96  14:07  Archon, Probe (Chrono Boost)  
  96  14:08  High Templar, Stalker  
  86  14:13  Probe (Chrono Boost)  
  86  14:16  High Templar  
  67  14:21  Adept  
  69  14:25  High Templar  
  69  14:29  Zealot  
  73  14:31  Stalker  
  73  14:34  Nexus, Archon  
  73  14:38  Stalker  
  77  14:40  Sentry  
  79  14:45  High Templar  
  79  14:47  Adept, Probe (Chrono Boost)  
  79  14:49  Probe (Chrono Boost)  
  79  14:50  Probe (Chrono Boost)  
  79  14:52  High Templar, Probe (Chrono Boost)  
  89  14:55  Zealot  
  89  14:59  Sentry  
  95  15:00  Probe x2 (Chrono Boost)  
  95  15:02  Zealot, Probe (Chrono Boost)  
  95  15:05  Stalker, Probe (Chrono Boost)  
  101  15:11  Archon, Probe x2 (Chrono Boost)  
  101  15:13  Probe (Chrono Boost)  
  104  15:15  High Templar, Stalker  
  104  15:16  Probe (Chrono Boost)  
  109  15:21  Stalker  
  109  15:22  High Templar, Probe (Chrono Boost)  
  109  15:23  Probe (Chrono Boost)  
  109  15:25  Probe (Chrono Boost)  
  109  15:28  Stalker, Probe (Chrono Boost)  
  119  15:30  Zealot  
  121  15:37  Zealot  
  121  15:39  Archon  
  121  15:43  Zealot  
  121  15:45  Stalker  
  121  15:48  High Templar  
  121  15:49  Zealot  
  103  15:52  Zealot  
  103  15:55  Zealot  
  103  15:56  Probe x2 (Chrono Boost)  
  91  15:57  Probe (Chrono Boost)  
  91  16:00  Probe x2 (Chrono Boost)  
  91  16:01  Adept  
  84  16:07  Adept, Sentry, Probe x2 (Chrono Boost)  
  84  16:09  Probe (Chrono Boost)  
  84  16:11  High Templar, Probe (Chrono Boost)  
  89  16:14  Stalker  
  89  16:15  Probe (Chrono Boost)  
  87  16:18  Archon  
  87  16:19  High Templar  
  87  16:21  Stalker  
  73  16:26  Sentry  
  73  16:28  High Templar  
  60  16:35  Adept  
  60  16:38  Archon  
  54  16:41  High Templar  
  54  16:43  Zealot  
  54  16:47  Zealot  
  54  16:49  Stalker  
  52  16:56  Zealot  
  48  17:05  Zealot  
  48  17:07  Zealot  
  43  17:10  Zealot  
  43  17:12  Zealot  
  43  17:15  Zealot  
  36  17:44  Pylon  
  30  17:51  Pylon  
  26  17:59  Probe (Chrono Boost)  
  26  18:04  Probe (Chrono Boost)  
Tags
 
Composition
Zealot Archon
League
Platinum
Matchup
PvZ
Replay Pack
Pack 1
Spawn Locations
Cross Positions
Add a new tag
Caveats
  • Supply blocks, unpowered buildings, or Contaminate may cause inaccurate times.
  • Supply counts are checked every 10 seconds.